 Dungeon Sprint DCSS version 0.30-a0-777-ga9a30cbeda (webtiles) character file.

Game seed: 3696879168338533861

119 Hubris850 the Insei (level 5, -1/37 HPs)
             Began as a Merfolk Transmuter on Feb 13, 2023.
             Was a Believer of Qazlal.
             Slain by an ufetubus (3 damage)
             ... in the Dungeon (Sprint VII: "The Pits").
             The game lasted 00:01:12 (124 turns).

Hubris850 the Insei (Merfolk Transmuter)             Turns: 124, Time: 00:01:13

Health: -1/37      AC:  2    Str: 10    XL:     5   Next: 3%
Magic:  6/11       EV: 12    Int: 15    God:    Qazlal [**....]
Gold:   0          SH:  2    Dex: 14    Spells: 11/12 levels left

rFire   . . .      SeeInvis .      - Unarmed
rCold   . . .      Faith    .    (no shield)
rNeg    . . .      Spirit   .    a - +0 robe
rPois   .          Reflect  .    (no helmet)
rElec   .          Harm     .    (no cloak)
rCorr   .          Rampage  .    (no gloves)
Will    .....      NoTele   +    (no boots)
Stlth   +                        (no amulet)
HPRegen 0.26/turn                (no ring)
MPRegen 0.12/turn                (no ring)

@: no status effects
A: (nimble swimmer 2), mertail
a: Renounce Religion, Upheaval


You were in the Dungeon.
You worshipped Qazlal.
Qazlal was pleased with you.
You visited 1 branch

Inventory:

Armour
 a - a +0 robe (worn)
Scrolls
 h - a scroll of blinking
 j - 5 scrolls of amnesia
 k - a scroll of butterflies
Potions
 b - a potion of lignification
 c - a potion of curing
 d - a potion of heal wounds
 e - a potion of haste
 f - 4 potions of magic
 g - 3 potions of berserk rage
 i - 2 potions of invisibility


   Skills:
 - Level 1.1 Fighting
 - Level 2.6 Dodging
 - Level 7.0 Unarmed Combat
 + Level 4.4 Spellcasting
 + Level 6.2 Transmutations
 + Level 4.5 Invocations


You had 11 spell levels left.
You knew the following spells:

 Your Spells              Type           Power      Damage    Failure   Level
a - Beastly Appendage     Tmut           44%        N/A       1%          1

Your spell library contained the following spells:

 Spells                   Type           Power      Damage    Failure   Level
 Wereblood                Tmut           22%        N/A       1%          2
 Spider Form              Tmut/Pois      12%        N/A       14%         3
 Ice Form                 Ice/Tmut       12%        N/A       43%         4


Dungeon Overview and Level Annotations

Branches:
Dungeon (1/1)

Altars:
Ashenzari
Cheibriados
Dithmenos
Elyvilon
Fedhas
Gozag
Hepliaklqana
Kikubaaqudgha
Makhleb
Nemelex Xobeh
Okawaru
Qazlal
Ru
Sif Muna
Trog
Uskayaw
Vehumet
Wu Jian
Xom
Yredelemnul
Zin
The Shining One
Jiyva
Lugonu


Innate Abilities, Weirdness & Mutations

((You are very nimble when in or above water. (Stealth+, EV+, Speed+++)))
Your lower body shifts to a powerful aquatic tail in water.


Message History

The jackal bites you but does no damage.
The jackal bites you. The jackal bites you.
The floating eye gazes piercingly through you!
You shrug off the repeated paralysis!
The jackal bites you.
* * * LOW HITPOINT WARNING * * *
The floating eye's stare focuses on you.
You can move again.
You punch the floating eye!
You kill the floating eye!
Qazlal accepts your kill.
You can now call upon nature to destroy your foes.
The jackal barely misses you.
Training target 7.0 for Unarmed Combat reached!
Your Unarmed Combat skill increases to level 7!
You need to enable at least one skill for training.
Your Spellcasting skill gained 2 levels and is now at level 4!
Your Transmutations skill gained 4 levels and is now at level 6!
Your Invocations skill gained 4 levels and is now at level 4!
You have reached level 3!
Your experience leads to an increase in your attributes!
Increase (S)trength, (I)ntelligence, or (D)exterity?
You feel clever. x2
You have reached level 4!
You have reached level 5!
You feel clever.
You hit the jackal.
You kill the jackal!
Qazlal accepts your kill. The ufetubus misses you.
The ufetubus closely misses you.
You closely miss the ufetubus. The ufetubus hits you.
* * * LOW HITPOINT WARNING * * *
The ufetubus closely misses you.
You barely miss the ufetubus. The ufetubus hits you.
* * * LOW HITPOINT WARNING * * *
The ufetubus barely misses you. The ufetubus hits you.
* * * LOW HITPOINT WARNING * * *
The ufetubus hits you.
You die...

#.?(.')))'.##......#..
##########.##.........
#..........†'.........
+#####†#####......#..
#.....# #.........
#.....# ####'#####
###'### #.......#
#..†§.# #.......#
#..@†.# #.......#
####5## #...<...#
#.G......##.......#
#........##.......#
###########.......#
#########


You could see an ufetubus.

Vanquished Creatures
  A floating eye (D)
  An adder (D)
  An ufetubus (D)
  2 hobgoblins (D)
  3 jackals (D)
  A rat (D)
9 creatures vanquished.

Notes
Turn   | Place    | Note
-------+----------+-------------------------------------------
     0 | D        | Hubris850 the Merfolk Transmuter began the quest for the
                  | Orb.
     0 | D        | Reached XP level 1. HP: 15/15 MP: 3/3
    15 | D        | Reached skill level 4 in Unarmed Combat
    42 | D        | Found a glowing golden altar of the Shining One.
    42 | D        | Found a glowing silver altar of Zin.
    42 | D        | Found a basalt altar of Yredelemnul.
    42 | D        | Found a shimmering altar of Xom.
    42 | D        | Found an ornate altar of the Wu Jian Council.
    42 | D        | Found a bloodstained altar of Trog.
    42 | D        | Found a shimmering blue altar of Sif Muna.
    42 | D        | Found a sacrificial altar of Ru.
    42 | D        | Found a stormy altar of Qazlal.
    42 | D        | Found an iron altar of Okawaru.
    42 | D        | Found a sparkling altar of Nemelex Xobeh.
    42 | D        | Found a burning altar of Makhleb.
    42 | D        | Found a viscous altar of Jiyva.
    42 | D        | Found a hazy altar of Hepliaklqana.
    42 | D        | Found an opulent altar of Gozag.
    42 | D        | Found a blossoming altar of Fedhas.
    42 | D        | Found a white marble altar of Elyvilon.
    42 | D        | Found a shadowy altar of Dithmenos.
    42 | D        | Found a snail-covered altar of Cheibriados.
    43 | D        | Found a radiant altar of Vehumet.
    43 | D        | Found a corrupted altar of Lugonu.
    44 | D        | Found an ancient bone altar of Kikubaaqudgha.
    44 | D        | Found a hide-covered altar of Uskayaw.
    44 | D        | Found a broken altar of Ashenzari.
    47 | D        | Became a worshipper of Qazlal Stormbringer
    64 | D        | Reached skill level 6 in Unarmed Combat
    64 | D        | Reached XP level 2. HP: 15/21 MP: 3/5
    99 | D        | Reached * piety under Qazlal
   106 | D        | Noticed a floating eye
   116 | D        | Paralysed by a floating eye for 4 turns
   121 | D        | Killed a floating eye
   121 | D        | Reached ** piety under Qazlal
   122 | D        | Reached skill level 7 in Unarmed Combat
   122 | D        | Reached XP level 3. HP: 6/26 MP: 5/8
   122 | D        | Reached XP level 4. HP: 7/32 MP: 6/10
   122 | D        | Reached XP level 5. HP: 8/37 MP: 6/11
   124 | D        | Slain by an ufetubus

Illustrated notes

Levels and vault maps discovered:
D:        pitsprint [storerooms_1, entrance_room_1, metal_vault_1, armoury_2,
          mini_pit_1, grid_room_1, main_hall_1, silver_pit, the_coven_3,
          the_vestibule_1, steel_vault_5, golden_pit, hallway_of_sentries,
          crystal_vault_5, iron_vault_1, final_vault]

Skill      XL: |  1  2 |
---------------+-------+-----
Unarmed Combat | 6 7 |  7.0
Spellcasting   | 4 |  4.4
Transmutations | 6 |  6.2
Invocations    | 4 |  4.5
Fighting       | |  1.1
Dodging        | |  2.6

Action                     |  1- 3 |  4- 6 || total
---------------------------+-------+-------++-------
  Melee: Unarmed           |    28 |     3 ||    31
         Headbutt          |     2 |       ||     2
         Punch             |     1 |       ||     1
   Cast: Beastly Appendage |     3 |       ||     3
 Armour: Robe              |    12 |       ||    12
  Dodge: Dodged            |    17 |     4 ||    21
  Block: Other             |     1 |       ||     1

Table legend: (Time is in decaauts)
 A = Elapsed time spent in this place.
 B = Non-inter-level travel time spent in this place.
 C = Inter-level travel time spent in this place.
 D = Time resting spent in this place.
 E = Time spent auto-exploring this place.
 F = Levels seen in this place.
 G = Mean time per level.
                   A        B        C        D        E       F      G
               +--------+--------+--------+--------+--------+-----+--------+
         Total |    120 |    120 |      0 |     26 |      0 |   1 |  120.0 |
       Dungeon |    120 |    120 |      0 |     26 |      0 |   1 |  120.0 |
               +--------+--------+--------+--------+--------+-----+--------+

Top non-repeatable levels by time:
       D: 120 daAuts
